 Dungeon Crawl Stone Soup version 0.25.0-3-gd7cc5688da (webtiles) character file.

Game seed: 17291945030232716480

119 Froggeryz the Skirmisher (level 5, -1/34 HPs)
             Began as a Gargoyle Fighter on June 15, 2020.
             Killed by nerve-wracking pain
             ... invoked by an orc priest
              (7 damage)
             ... on level 3 of the Dungeon.
             The game lasted 00:01:22 (1602 turns).

Froggeryz the Skirmisher (Gargoyle Fighter)         Turns: 1602, Time: 00:01:23

Health: -1/34      AC: 10    Str: 21    XL:     5   Next: 3%
Magic:  5/5        EV:  7    Int:  8    God:
Gold:   124        SH:  9    Dex:  9    Spells: 4/4 levels left

rFire    . . .     SeeInvis .   a - +0 flail
rCold    . . .     Gourm    .   c - +0 kite shield
rNeg     + . .     Faith    .   b - +0 scale mail
rPois    ∞         Spirit   .   (no helmet)
rElec    +         Reflect  .   (no cloak)
rCorr    .         Harm     .   (no gloves)
MR       .....                  (no boots)
Stlth    ..........             (no amulet)
HPRegen  0.11/turn              (no ring)
MPRegen  0.09/turn              (no ring)

@: no status effects
A: negative energy resistance 1, electricity resistance, unbreathing,
petrification resistance, rot immunity, AC +4
a: no special abilities


You were on level 3 of the Dungeon.
You were not hungry.

You visited 1 branch of the dungeon, and saw 3 of its levels.

You collected 124 gold pieces.

Inventory:

Hand Weapons
 a - a +0 flail (weapon)
Armour
 b - a +0 scale mail (worn)
 c - a +0 kite shield (worn)
Scrolls
 e - 3 scrolls of identify {unknown}
 g - a scroll of fear {unknown}
 h - a scroll of remove curse {unknown}
 i - a scroll of enchant weapon {unknown}
 l - a scroll of blinking {unknown}
Potions
 d - 3 potions of might
 j - a potion of degeneration {unknown}
 k - 2 potions of flight {unknown}
 n - a potion of heal wounds {unknown}
Comestibles
 f - 2 rations
 m - 2 chunks of flesh


   Skills:
 + Level 4.3 Fighting
 * Level 4.2 Maces & Flails
 - Level 3.2 Armour
 - Level 3.2 Shields


You had 4 spell levels left.
You didn't know any spells.
Your spell library was empty.

Dungeon Overview and Level Annotations

Branches:
Dungeon (3/15)

Altars:
Gozag

Shops:
D:3 *


Innate Abilities, Weirdness & Mutations

You are resistant to torment.
Your stone body is resilient. (AC +4)
You are immune to poison.
You resist negative energy. (rN+)
You are resistant to electric shocks. (rElec)
You can survive without breathing.
You are immune to petrification.
You are immune to rotting.


Message History

You block the orc priest's attack.
You barely miss the orc priest.
The orc priest is severely wounded.
The orc priest invokes the aid of Beogh against you.
Beogh smites you!
The orc priest hits you but does no damage.
You barely miss the orc priest.
The orc priest is severely wounded.
The orc priest calls down the wrath of Beogh upon you.
Beogh smites you!
* * * LOW HITPOINT WARNING * * *
You are too injured to fight recklessly!
You are too injured to fight recklessly!
You are too injured to fight recklessly!
You are too injured to fight recklessly!
You hit the orc priest but do no damage.
The orc priest is severely wounded.
The orc priest invokes the aid of Beogh against you.
Pain shoots through your body!
You die...

##.......# # #
###......... .#.
.'......... #..
#......... #.#
#.......# #.#
##....<## #.#
##...## #o# ##'##
##@# #.# #.%## #.#
#..(#### ##.##
#......# ##)..###
#...##.## #.......
#####...#####...#.#
#..............
#...#########.#
##### #.#


You could see an orc priest.

Vanquished Creatures
  A worker ant (D:3)
  4 adders
  An ooze (D:1)
  A dart slug (D:1)
  A leopard gecko (D:3)
  2 orcs (D:3)
  2 bats
  6 giant cockroaches
  6 goblins
  8 hobgoblins
  A quokka (D:3)
  A ball python (D:1)
  3 frilled lizards
  6 kobolds
  6 rats
49 creatures vanquished.

Notes
Turn   | Place    | Note
-------+----------+-------------------------------------------
     0 | D:1      | Froggeryz the Gargoyle Fighter began the quest for the Orb.
     0 | D:1      | Reached XP level 1. HP: 14/14 MP: 1/1
    63 | D:1      | Reached XP level 2. HP: 16/19 MP: 2/2
   381 | D:1      | Reached XP level 3. HP: 24/24 MP: 3/3
   760 | D:2      | Reached XP level 4. HP: 27/29 MP: 4/4
  1422 | D:3      | Found Gozag's Platinum Reserve.
  1424 | D:3      | Found an opulent altar of Gozag.
  1531 | D:3      | Reached XP level 5. HP: 24/34 MP: 5/5
  1602 | D:3      | Killed from afar by an orc priest

Illustrated notes

Levels and vault maps discovered:
D:1:      scummos_arrival_simple_fountains, layout_basic
D:2:      layout_basic
D:3:      layout_loops_corners, first_ration, nicolae_gozag_zags_fifth_avenue

Skill      XL: |  1  2  3  4 |
---------------+-------------+-----
Maces & Flails | 3 4 |  4.2
Fighting       | 4 |  4.3
Armour         | |  3.2
Shields        | |  3.2

Action                   |  1- 3 |  4- 6 || total
-------------------------+-------+-------++-------
Melee: Flail             |   126 |    69 ||   195
  Eat: Chunk             |       |     3 ||     3
Armor: Scale mail        |    59 |    31 ||    90
Dodge: Dodged            |    38 |    20 ||    58
Block: Kite shield       |    59 |    31 ||    90
